 Dungeon Crawl Stone Soup version 0.24-b1-44-g37ad8b309f (webtiles) character file.

Game seed: 10627883071204998359, levelgen mode: deterministic

901 Mrkan the Cudgeler (level 8, -3/52 HPs)
             Began as a Gargoyle Fighter on Oct 24, 2019.
             Was an Initiate of Okawaru.
             Blown up by Ijyb (28 damage)
             ... with a disintegration bolt
             ... on level 5 of the Dungeon.
             The game lasted 00:11:56 (4438 turns).

Mrkan the Cudgeler (Gargoyle Fighter)               Turns: 4438, Time: 00:11:56

Health: -3/52      AC: 14    Str: 23    XL:     8   Next: 7%
Magic:  8/8        EV:  5    Int:  8    God:    Okawaru [......]
Gold:   134        SH: 12    Dex:  9    Spells: 7/7 levels left

rFire    . . .     SeeInvis .   a - +0 flail
rCold    . . .     Gourm    .   c - +0 shield
rNeg     + . .     Faith    .   p - +0 chain mail
rPois    ∞         Spirit   .   (no helmet)
rElec    +         Reflect  +   (no cloak)
rCorr    .         Harm     .   (no gloves)
MR       .....                  (no boots)
Stlth    ..........             y - +3 amulet of reflection
HPRegen  0.17/turn              (no ring)
MPRegen  0.11/turn              (no ring)

@: no status effects
A: negative energy resistance 1, electricity resistance, unbreathing,
petrification resistance, rot immunity, AC +5
a: Renounce Religion


You were on level 5 of the Dungeon.
You worshipped Okawaru.
Okawaru was noncommittal.
You were not hungry.

You visited 2 branches of the dungeon, and saw 6 of its levels.

You collected 134 gold pieces.

Inventory:

Hand Weapons
 a - a +0 flail (weapon)
 e - a +0 club
 i - a +0 hunting sling
Missiles
 b - 8 javelins
 h - 98 stones (quivered)
Armour
 c - a +0 shield (worn)
 p - a +0 chain mail (worn)
Jewellery
 j - an uncursed ring of protection from fire {unknown}
 t - a +6 ring of evasion {unknown}
 y - a +3 amulet of reflection (around neck)
Wands
 l - a wand of scattershot (4)
 v - a wand of flame (21)
 x - a wand of paralysis (10)
 A - a wand of acid (6)
 B - a wand of polymorph (11)
Scrolls
 g - 4 scrolls of teleportation
 m - a scroll of identify
 o - a scroll of amnesia {unknown}
 q - a scroll of enchant weapon {unknown}
 r - a scroll of fear {unknown}
 s - a scroll of blinking
 C - a scroll of remove curse {unknown}
Potions
 d - 2 potions of might
 k - a potion of mutation {unknown}
 n - a potion of curing {unknown}
 u - a potion of berserk rage {unknown}
 w - a potion of lignification {unknown}
 z - a potion of flight {unknown}
Comestibles
 f - 5 rations
 D - a chunk of flesh


   Skills:
 + Level 6.5 Fighting
 * Level 7.5 Maces & Flails
 - Level 3.2 Armour
 - Level 3.2 Shields


You had 7 spell levels left.
You didn't know any spells.
Your spell library was empty.

Dungeon Overview and Level Annotations

Branches:
Dungeon (5/15)             Temple (1/1) D:5

Altars:
Ashenzari
Dithmenos
Elyvilon
Fedhas
Gozag
Makhleb
Nemelex Xobeh
Okawaru
Qazlal
Ru
Sif Muna
Uskayaw
Vehumet
Wu Jian
Xom
Yredelemnul
Zin
The Shining One

Annotations:
D:5 Ijyb


Innate Abilities, Weirdness & Mutations

You are resistant to torment.
Your stone body is resilient. (AC +5)
You are immune to poison.
You resist negative energy. (rN+)
You are resistant to electric shocks. (rElec)
You can survive without breathing.
You are immune to petrification.
You are immune to rotting.


Message History

You block the jelly's attack.
You thump the jelly!
You kill the jelly!
Okawaru accepts your kill.
You open the door.
Found a sparkling altar of Nemelex Xobeh.
There is an open door here.
You open the door.
There is an open door here.
Found a leather armour.
You are no longer corroded.
Ijyb the Twisted Goblin comes into view.
She is wielding a +0 club and carrying a wand of disintegration (8).
Ijyb shouts!
Ijyb zaps a wand.
You struggle to resist.
A worm and an orc come into view.
The orc shouts!
You hear a shout! x2
An orc wizard comes into view. It is wielding a -2 dagger.
Ijyb zaps a wand.
You are blasted!
Ouch! That really hurt!
You die...

##.#####.# #.# ###.oo
##.## ....g ##...##
#...w ##.....## ..%
#.......# ...
##.....###.# #.#####.#
##...## #.# #[.......
##..# ##.###@#
##.###...##.#
#.##.....#.#
#####.#..<.....####...
#.....................
#.#####.......#####...
#............##
#..###'###...#######
#..# #.# #.#........


You could see Ijyb, a worm, an orc wizard (wandering) and an orc.

Vanquished Creatures
  Eustachio (D:5)
  Menkaure (D:4)
  An ogre (D:4)
  A centaur (D:3)
  A scorpion (D:4)
  A howler monkey (D:4)
  A crimson imp (D:5)
  2 jellies
  An orc priest (D:4)
  An orc wizard (D:3)
  2 iguanas (D:4)
  A worker ant (D:4)
  Terence (D:2)
  3 adders
  An ooze (D:3)
  An adder skeleton (D:5)
  3 worms (D:2)
  2 dart slugs (D:2)
  4 leopard geckos
  13 orcs
  2 ball pythons
  2 giant cockroaches
  5 goblins
  9 hobgoblins
  4 quokkas
  6 bats
  8 frilled lizards
  A giant cockroach zombie (D:5)
  9 kobolds
  7 rats
95 creatures vanquished.

Notes
Turn   | Place    | Note
-------+----------+-------------------------------------------
     0 | D:1      | Mrkan the Gargoyle Fighter began the quest for the Orb.
     0 | D:1      | Reached XP level 1. HP: 14/14 MP: 1/1
   184 | D:1      | Reached XP level 2. HP: 17/19 MP: 2/2
   788 | D:1      | Reached skill level 3 in Maces & Flails
   788 | D:1      | Reached XP level 3. HP: 22/24 MP: 3/3
  1138 | D:2      | Found a sacrificial altar of Ru.
  1440 | D:2      | Reached XP level 4. HP: 27/29 MP: 4/4
  1507 | D:2      | Found a shimmering altar of Xom.
  1777 | D:2      | Noticed Terence
  1804 | D:2      | Killed Terence
  1804 | D:2      | Reached skill level 4 in Maces & Flails
  2002 | D:3      | Noticed a centaur
  2033 | D:3      | Killed a centaur
  2033 | D:3      | Reached XP level 5. HP: 9/34 MP: 5/5
  2057 | D:3      | Reached skill level 5 in Maces & Flails
  2445 | D:3      | Reached XP level 6. HP: 40/40 MP: 6/6
  2940 | D:4      | Reached skill level 5 in Fighting
  3182 | D:4      | Noticed Menkaure
  3187 | D:4      | Killed Menkaure
  3187 | D:4      | Reached skill level 6 in Maces & Flails
  3187 | D:4      | Reached XP level 7. HP: 28/45 MP: 7/7
  3363 | D:4      | Noticed a fire elemental
  3365 | D:4      | Found a stormy altar of Qazlal.
  3366 | D:4      | Noticed a water elemental
  3366 | D:4      | Noticed an air elemental
  3897 | D:5      | Entered Level 5 of the Dungeon
  3946 | D:5      | Reached skill level 7 in Maces & Flails
  3979 | D:5      | Noticed Eustachio
  4120 | D:5      | Killed Eustachio
  4120 | D:5      | Reached XP level 8. HP: 20/52 MP: 8/8
  4134 | D:5      | Found a staircase to the Ecumenical Temple.
  4148 | Temple   | Entered the Ecumenical Temple
  4343 | Temple   | Became a worshipper of Warmaster Okawaru
  4419 | D:5      | Found a sparkling altar of Nemelex Xobeh.
  4437 | D:5      | Noticed Ijyb
  4438 | D:5      | Blown up by Ijyb

Skill      XL: |  1  2  3  4  5  6  7 |
---------------+----------------------+-----
Maces & Flails | 3 4 5 6 7 |  7.5
Fighting       | 4 5 6 |  6.5
Armour         | |  3.2
Shields        | |  3.2

Action                   |  1- 3 |  4- 6 |  7- 9 || total
-------------------------+-------+-------+-------++-------
Melee: Flail             |   152 |   175 |   172 ||   499
  Use: Scroll            |       |       |     3 ||     3
  Eat: Chunk             |     2 |     6 |     4 ||    12
Armor: Scale mail        |    53 |       |       ||    53
       Chain mail        |    21 |   103 |   108 ||   232
Dodge: Dodged            |    37 |    32 |    35 ||   104
Block: Shield            |    64 |    92 |    74 ||   230
